 Dungeon Crawl Stone Soup version 0.28.0-43-g3370ac3207 (webtiles) character file.

Game seed: 12456941711700421737

92709 4FPSwarrior the Covert (level 16, -7/86 (87) HPs)
             Began as a Vine Stalker Enchanter on Mar 28, 2022.
             Was the Champion of Fedhas.
             Mangled by a harpy (9 damage)
             ... on level 3 of the Lair of Beasts on Mar 29, 2022.
             The game lasted 02:21:40 (29988 turns).

4FPSwarrior the Covert (Vine Stalker Enchanter)    Turns: 29988, Time: 02:21:41

HP:   -7/86 (87)    AC: 16    Str: 10    XL:     16   Next: 6%
MP:   0/26          EV: 14    Int: 15    God:    Fedhas [******]
Gold: 1832          SH:  5    Dex: 18    Spells: 4/27 levels left

rFire   + . .      SeeInvis .   L - +4 dagger (venom)
rCold   . . .      Faith    .   (no shield)
rNeg    . . .      Spirit   +   D - +4 ring mail of Ochef {rF+ rCorr}
rPois   .          Reflect  +   s - +0 helmet
rElec   .          Harm     .   c - +1 cloak {Will+}
rCorr   +          Rampage  .   N - +2 pair of gloves
Will    +++..                   R - +0 pair of boots
Stlth   +++++.....              h - amulet of reflection
HPRegen 1.04/turn               P - ring of flight
MPRegen 0.20/turn               b - +4 ring of evasion

@: about to teleport, flying, lightly drained
A: fangs 3, regeneration 1, magic shield, antimagic bite, no potion heal 2,
dopey 1, weak 2
a: Renounce Religion, Wall of Briars, Grow Ballistomycete, Overgrow, Grow Oklob


You were on level 3 of the Lair of Beasts.
You worshipped Fedhas.
Fedhas was exalted by your worship.
You visited 5 branches of the dungeon, and saw 25 of its levels.
You also visited: Gauntlet.

You collected 2271 gold pieces.
You spent 439 gold pieces at shops.

Inventory:

Hand Weapons
 d - a +3 scimitar of flaming
 B - a +1 vampiric dagger
 G - a +4 scimitar
 K - a +2 falchion of freezing
 L - a +4 dagger of venom (weapon)
Missiles
 p - 3 throwing nets (quivered)
Armour
 a - a +2 leather armour of poison resistance
 c - a +1 cloak of willpower (worn)
 s - a +0 helmet (worn)
 D - the +4 ring mail of Ochef (worn) {rF+ rCorr}
   (You found it on level 6 of the Dungeon)

   rF:        It protects you from fire.
   rCorr:     It protects you from acid and corrosion.
 M - a +3 leather armour of positive energy
 N - a +2 pair of gloves (worn)
 R - a +0 pair of boots (worn)
 T - a +2 robe of willpower
Jewellery
 b - a +4 ring of evasion (right hand)
 h - an amulet of reflection (around neck)
 y - a ring of resist corrosion
 P - a ring of flight (left hand)
Wands
 k - a wand of flame (15)
 m - a wand of polymorph (13)
 q - a wand of iceblast (12)
 v - a wand of acid (9)
 A - a wand of charming (3)
 E - a wand of paralysis (11)
Scrolls
 i - a scroll of enchant weapon {unknown}
 j - 5 scrolls of vulnerability
 l - a scroll of silence
 n - 2 scrolls of blinking
 o - 3 scrolls of amnesia
 r - 4 scrolls of fog
 t - a scroll of holy word {unknown}
 w - 5 scrolls of fear
 x - a scroll of identify
 I - a scroll of teleportation
 J - 6 scrolls of magic mapping
 O - 2 scrolls of torment
 Q - 2 scrolls of immolation
Potions
 e - 5 potions of brilliance
 f - 2 potions of flight
 g - 3 potions of attraction
 u - 5 potions of curing
 z - 5 potions of might
 C - 2 potions of lignification
 F - a potion of resistance
 S - 2 potions of haste
Miscellaneous
 H - a lightning rod (4/4)


   Skills:
 * Level 11.2 Fighting
 - Level 10.0 Short Blades
 - Level 1.5 Dodging
 + Level 14.5 Stealth
 - Level 6.0 Spellcasting
 + Level 11.3 Hexes
 + Level 9.5 Summonings
 + Level 8.6 Translocations
 - Level 7.0 Ice Magic
 + Level 9.5 Invocations


You had 4 spell levels left.
You knew the following spells:

 Your Spells              Type           Power      Damage    Failure   Level
a - Ensorcelled Hibernat  Hex/Ice        64%        N/A       1%          2
b - Confusing Touch       Hex            38%        N/A       1%          3
c - Tukima's Dance        Hex            38%        N/A       1%          3
d - Summon Mana Viper     Hex/Summ       35%        N/A       14%         5
e - Summon Forest         Summ/Tloc      15%        N/A       26%         5
f - Blink                 Tloc           60%        N/A       1%          2
g - Summon Guardian Gole  Hex/Summ       35%        N/A       1%          3

Your spell library contained the following spells:

 Spells                   Type           Power      Damage    Failure   Level
 Apportation              Tloc           60%        N/A       1%          1
 Summon Small Mammal      Summ           100%       N/A       1%          1
 Call Canine Familiar     Summ           33%        N/A       2%          3
 Lesser Beckoning         Tloc           30%        N/A       3%          3
 Dazzling Flash           Conj/Hex       42%        N/A       11%         3
 Animate Skeleton         Necr           8%         N/A       36%         1
 Pain                     Necr           16%        1d4       36%         1
 Corpse Rot               Necr/Air       8%         N/A       50%         2
 Poisonous Vapours        Pois/Air       8%         N/A       50%         2
 Static Discharge         Conj/Air       4%         N/A       50%         2
 Vampiric Draining        Necr           4%         2d6       75%         3
 Animate Dead             Necr           2%         N/A       98%         4
 Dispel Undead            Necr           4%         3d7       98%         4
 Sticky Flame             Conj/Fire      4%         2d3       98%         4
 Manifold Assault         Tloc           30%        N/A       30%         5
 Summon Cactus Giant      Summ           16%        N/A       75%         6
 Freezing Cloud           Conj/Ice/Air   5%         6-21      99%         5
 Borgnjor's Vile Clutch   Necr/Erth      2%         N/A       100%        5
 Death Channel            Necr           2%         N/A       100%        6
 Simulacrum               Ice/Necr       7%         N/A       100%        6
 Polar Vortex             Ice            12%        N/A       100%        9


Dungeon Overview and Level Annotations

Branches:
Dungeon (15/15)            Temple (1/1) D:7            Lair (6/6) D:8
 Shoals (1/4) Lair:3        Snake (0/4) Lair:4        Slime (0/5) Lair:5
    Orc (2/2) D:10            Elf (0/3) Orc:2        Vaults (0/5) D:14
Gauntlet (visited)
 Depths: D:15

Altars:
Ashenzari
Cheibriados
Dithmenos
Elyvilon
Fedhas
Gozag
Hepliaklqana
Kikubaaqudgha
Makhleb
Nemelex Xobeh
Okawaru
Qazlal
Ru
Sif Muna
Trog
Uskayaw
Vehumet
Wu Jian
Xom
Yredelemnul
Zin
The Shining One
Beogh
Jiyva

Shops:
D:7 (   Orc:2 *[([

Annotations:
D:2 Sigmund
D:6 Maggie
Lair:6 1 runed translucent door


Innate Abilities, Weirdness & Mutations

You have razor-sharp teeth.
Your natural rate of healing is unusually fast.
When hurt, damage is shared between your health and your magic reserves.
Your bite disrupts and absorbs the magic of your enemies.
Potions cannot restore your health.
You are dopey. (Int -2)
You are very weak. (Str -4)


Message History

Press: ? - help, Shift-Dir - straight line, f - harpy
Aim: a harpy (moderately wounded, chance to affect: 62%)
The harpy resists with significant effort.
The harpy claws you but does no damage. You block the harpy's attack.
The harpy misses you. The harpy barely misses you. The harpy claws you. x2
The harpy claws you. You block the harpy's attack.
Casting: Ensorcelled Hibernation (safe; 1% risk of failure)
Confirm with . or Enter, or press ? or * to list all spells.
Aiming: Ensorcelled Hibernation (safe; 1% risk of failure)
Press: ? - help, Shift-Dir - straight line, f/p - harpy
Aim: a harpy (lightly wounded, chance to affect: 62%)
The harpy resists with significant effort.
You block the harpy's attack. The harpy claws you!
The harpy completely misses you. The harpy claws you. The harpy claws you!
* * * LOW HITPOINT WARNING * * *
You block the harpy's attack. The harpy barely misses you.
The harpy claws you but does no damage. x2
The harpy claws you!
* * * LOW HITPOINT WARNING * * *
You barely miss the harpy. Your bite misses the harpy.
The harpy is lightly wounded.
The harpy closely misses you. The harpy barely misses you.
As you read the scroll of teleportation, it crumbles to dust.
You feel strangely unstable. The harpy claws you!
* * * LOW HITPOINT WARNING * * *
The harpy claws you.
* * * LOW HITPOINT WARNING * * *
The harpy claws you but does no damage. x2
You have no ailments to cure.
The harpy claws you.
* * * LOW HITPOINT WARNING * * *
You block the harpy's attack.
The harpy claws you but does no damage. x2
The harpy claws you.
* * * LOW HITPOINT WARNING * * *
The harpy barely misses you.
You have no ailments to cure.
The harpy screeches!
You block the harpy's attack. The harpy claws you!
You die...
Fedhas appreciates your contribution to the ecosystem.

≈....≈# ####
##P...###.......#
....#≈###(>#
#.............[.#
....≈###..##
####.#..#.......#
#...≈###..# #.......#....P#
#≈....#≈(## #P.........PPP#
####...§## #...###.##.#.P#
##########
###..###...###..#
#.#..>.###.#....##..###.##
#........HH@.......#.##.#
###.#..##.#...P....####.#
#.##.###....#.#..###..##
###..#...................##
#.......###....#P#..#.#.#.#
##...#### ##...###.########
##..## ##........# ###
#...# ##......##.# ..#
#..## ##PPP...#####


You could see 2 harpies.

Vanquished Creatures
  Saint Roka (Orc:2)
  Rupert (Lair:6)
  A minotaur (Gauntlet)
  Snorg (D:10)
  3 vault guards (D:14)
  6 hydras
  Fannar (Lair:2)
  Harold (Lair:1)
  2 centaur warriors
  4 boulder beetles
  A two-headed ogre (D:9)
  9 death yaks
  Urug (D:13)
  An orc high priest (Orc:2)
  2 deep elf knights (D:15)
  2 skeletal warriors
  A fire crab (Lair:5)
  Pikel (D:5)
  2 deep elf pyromancers
  4 orc knights
  A deep elf zephyrmancer (D:15)
  2 lindwurms (Lair:6)
  An orc sorcerer (Orc:2)
  5 cyclopes
  3 manticores
  A black mamba (shapeshifter) (D:14)
  A smoke demon (Gauntlet)
  7 elephants
  4 black mambas
  5 torpor snails (Lair:6)
  Maurice (D:9)
  14 cane toads
  2 gargoyles
  10 rime drakes
  8 komodo dragons
  A kobold demonologist (D:12)
  2 polar bears
  A tengu conjurer (D:14)
  A red devil (Gauntlet)
  5 hornets (Lair:6)
  A queen bee (Gauntlet)
  4 trolls
  3 tyrant leeches (Lair:6)
  3 slime creatures (D:14)
  13 blink frogs
  6 dream sheep (Lair:4)
  2 shadows (D:10)
  7 wraiths
  2 wyverns (Lair:6)
  41 yaks
  A fire bat (shapeshifter) (D:12)
  2 nameless horrors
  Eustachio (D:6)
  5 basilisks
  13 steam dragons
  2 dancing weapons (Orc:2)
  8 wargs
  2 acid dragons
  7 water moccasins
  A floating eye (D:13)
  30 orc warriors
  6 black bears
  A swamp drake (Lair:6)
  An ice beast (D:5)
  2 sky beasts
  39 wolves
  A boggart (D:13)
  3 centaurs
  10 ogres
  3 lemures (D:5)
  15 bullfrogs
  4 scorpions
  A water moccasin zombie (D:6)
  10 wights
  9 killer bees
  9 howler monkeys
  2 crimson imps (Gauntlet)
  3 centaur zombies
  A bullfrog zombie (D:5)
  2 hounds (D:5)
  2 jellies (D:7)
  12 orc priests
  A centaur skeleton (D:5)
  4 iguanas
  7 hell rats (Lair:6)
  21 orc wizards
  A killer bee zombie (D:9)
  A howler monkey zombie (D:6)
  Robin (D:3)
  11 gnolls
  5 river rats (Lair:6)
  8 adders
  A shadow imp (D:6)
  3 white imps
  2 ufetubi (D:5)
  An adder skeleton (D:4)
  A worm (D:3)
  3 dart slugs
  103 orcs
  4 bats
  3 endoplasms
  4 giant cockroaches
  16 hobgoblins
  3 quokkas
  3 ball pythons
  3 frilled lizards
  15 goblins
  7 kobolds
  15 rats
  A ballistomycete spore (Lair:5)
658 creatures vanquished.

Vanquished Creatures (collateral kills)
  An orc warlord (Orc:1)
  Josephine (Orc:1)
  3 vault guards (D:14)
  3 hydras
  A death yak (Lair:6)
  An orc high priest (Orc:2)
  3 harpies (Shoals:1)
  A lindwurm (Lair:6)
  A deep elf pyromancer (D:15)
  A cyclops (D:14)
  An orc knight (Orc:1)
  An elephant (Lair:6)
  2 unseen horrors
  2 rime drakes (Lair:6)
  2 efreet (D:14)
  A hornet (Lair:6)
  A wraith (Orc:2)
  A water elemental (D:14)
  A yak (Lair:6)
  A steam dragon (Lair:6)
  An acid dragon (Lair:6)
  6 orc warriors (Orc:2)
  An ogre (Orc:1)
  2 boggarts (D:13)
  2 wolves
  2 centaurs (D:15)
  A wight (D:9)
  4 orc priests
  2 iguanas (Lair:6)
  7 orc wizards
  22 orcs
  A rat (Lair:5)
  23 ballistomycete spores
103 creatures vanquished.

Vanquished Creatures (others)
  An oklob plant (D:13)
  20 dancing weapons
  An iguana (Lair:6)
  An orc wizard (D:13)
  A hell rat (Lair:6)
  2 ballistomycete spores
  62 fungi
  94 plants
  A snaplasher vine (Lair:6)
183 creatures vanquished.

Grand Total: 944 creatures vanquished

Notes
Turn   | Place    | Note
-------+----------+-------------------------------------------
     0 | D:1      | 4FPSwarrior the Vine Stalker Enchanter began the quest for
                  | the Orb.
     0 | D:1      | Reached XP level 1. HP: 9/9 MP: 4/4
   168 | D:1      | Reached skill level 1 in Short Blades
   313 | D:1      | Reached XP level 2. HP: 14/14 MP: 6/6
   534 | D:1      | Learned a level 2 spell: Ensorcelled Hibernation
   666 | D:1      | Found a faded altar of an unknown god.
   789 | D:1      | Reached skill level 1 in Fighting
   789 | D:1      | Reached XP level 3. HP: 18/18 MP: 2/7
  1311 | D:2      | Reached skill level 4 in Stealth
  1311 | D:2      | Gained mutation: Your natural rate of healing is unusually
                  | fast. [Vine Stalker growth]
  1311 | D:2      | Reached XP level 4. HP: 22/22 MP: 6/9
  1420 | D:2      | Noticed Sigmund
  1475 | D:2      | Reached skill level 1 in Ice Magic
  2070 | D:2      | Learned a level 3 spell: Confusing Touch
  2074 | D:2      | Learned a level 3 spell: Tukima's Dance
  2138 | D:3      | Reached XP level 5. HP: 25/25 MP: 7/10
  2422 | D:3      | Noticed Robin
  2970 | D:3      | Killed Robin
  3266 | D:4      | Noticed an ogre
  3296 | D:4      | Noticed a black bear
  3299 | D:4      | Reached XP level 6. HP: 30/30 MP: 12/12
  3321 | D:3      | Killed a black bear
  3637 | D:4      | Reached skill level 5 in Stealth
  3637 | D:4      | Reached XP level 7. HP: 35/35 MP: 13/13
  3876 | D:5      | Entered Level 5 of the Dungeon
  4090 | D:5      | Noticed a yak
  4092 | D:5      | Noticed a yak
  4093 | D:5      | Noticed a yak
  4114 | D:5      | Killed a yak
  4115 | D:5      | Gained mutation: You have razor-sharp teeth. [Vine Stalker
                  | growth]
  4115 | D:5      | Reached XP level 8. HP: 22/40 MP: 5/15
  4135 | D:5      | Killed a yak
  4136 | D:5      | Reached skill level 6 in Stealth
  4140 | D:5      | Killed a yak
  4399 | D:5      | Noticed Pikel
  4434 | D:5      | Killed Pikel
  4435 | D:5      | Reached skill level 5 in Spellcasting
  4435 | D:5      | Reached skill level 5 in Hexes
  4435 | D:5      | Reached XP level 9. HP: 45/45 MP: 7/17
  4440 | D:5      | Reached skill level 7 in Stealth
  4881 | D:6      | Identified the +4 ring mail of Ochef {rF+ rCorr}
  5194 | D:6      | Noticed Maggie
  5545 | D:6      | Noticed Eustachio
  5547 | D:6      | Killed Eustachio
  5548 | D:6      | Reached skill level 5 in Ice Magic
  6179 | D:7      | Found a staircase to the Ecumenical Temple.
  6187 | Temple   | Entered the Ecumenical Temple
  6259 | Temple   | Became a worshipper of Fedhas Madash
  6333 | D:7      | Reached skill level 5 in Short Blades
  6362 | D:7      | Reached skill level 8 in Stealth
  6687 | D:7      | Found Laphel's Weapon Shoppe.
  6731 | D:7      | Reached skill level 1 in Invocations
  6754 | D:7      | Reached XP level 10. HP: 51/51 MP: 17/20
  7207 | D:8      | Reached skill level 5 in Fighting
  7234 | D:8      | Learned a level 5 spell: Summon Mana Viper
  7440 | D:8      | Found a staircase to the Lair.
  8007 | D:9      | Reached * piety under Fedhas
  8008 | D:9      | Reached skill level 1 in Summonings
  8439 | D:9      | Noticed a two-headed ogre
  8481 | D:9      | Killed a two-headed ogre
  8687 | D:9      | Noticed Maurice
  8693 | D:9      | Killed Maurice
  9319 | D:9      | Reached skill level 9 in Stealth
  9424 | D:10     | Entered Level 10 of the Dungeon
  9558 | D:10     | Noticed Snorg
  9594 | D:10     | Killed Snorg
  9657 | D:10     | Reached ** piety under Fedhas
  9663 | D:10     | Reached XP level 11. HP: 56/56 MP: 21/21
 10023 | D:10     | Found a staircase to the Orcish Mines.
 10107 | D:10     | Reached *** piety under Fedhas
 10276 | D:10     | Found a shadowy altar of Dithmenos.
 10319 | D:10     | Learned a level 5 spell: Summon Forest
 10857 | D:11     | Noticed a cyclops
 10860 | D:11     | Killed a cyclops
 10889 | D:11     | Reached skill level 1 in Translocations
 11445 | Lair:1   | Entered Level 1 of the Lair of Beasts
 11644 | Lair:1   | Reached skill level 10 in Stealth
 11650 | Lair:1   | Reached **** piety under Fedhas
 12513 | Lair:2   | Noticed Harold
 12576 | Lair:1   | Killed Harold
 12705 | Lair:2   | Reached XP level 12. HP: 55/62 MP: 12/22
 12805 | Lair:2   | Found a gate leading to a gauntlet.
 12817 | Gauntlet | Entered a Gauntlet
 12817 | Gauntlet | Found a transporter.
 12829 | Gauntlet | Found a transporter.
 12832 | Gauntlet | Found a transporter.
 12833 | Gauntlet | Found a transporter.
 12841 | Gauntlet | Found a transporter.
 12844 | Gauntlet | Found a transporter.
 12845 | Gauntlet | Found a transporter.
 12854 | Gauntlet | Found a transporter.
 12857 | Gauntlet | Found a transporter.
 12858 | Gauntlet | Found a transporter.
 12864 | Gauntlet | Found a runed translucent gate.
 12864 | Gauntlet | Found a runed translucent gate.
 12866 | Gauntlet | Found a runed translucent gate.
 12866 | Gauntlet | Found a transporter.
 12869 | Gauntlet | Found a transporter.
 12870 | Gauntlet | Found a transporter.
 12878 | Gauntlet | Found a transporter.
 12980 | Gauntlet | Reached skill level 5 in Invocations
 13211 | Gauntlet | Noticed a minotaur
 13222 | Gauntlet | Killed a minotaur
 13228 | Gauntlet | Identified the +8 whip of the Ageing Jester {pain, Int+2
                  | Dex+2}
 13303 | Lair:2   | Reached skill level 5 in Summonings
 13539 | Lair:2   | Noticed Fannar
 13792 | Lair:2   | Killed Fannar
 13919 | Lair:2   | Reached skill level 11 in Stealth
 14485 | Lair:3   | Noticed an eight-headed hydra
 14543 | Lair:2   | Killed an eight-headed hydra
 15078 | Lair:3   | Found a staircase to the Shoals.
 15112 | Lair:3   | Noticed a five-headed hydra
 15124 | Lair:3   | Killed a five-headed hydra
 15125 | Lair:3   | Reached XP level 13. HP: 49/67 MP: 0/23
 15531 | Lair:2   | Reached skill level 5 in Translocations
 16581 | Lair:4   | Reached skill level 12 in Stealth
 16913 | Lair:4   | Found a staircase to the Snake Pit.
 18062 | Lair:5   | Found a viscous altar of Jiyva.
 18062 | Lair:5   | Found a staircase to the Slime Pits.
 18273 | Lair:6   | Entered Level 6 of the Lair of Beasts
 18343 | Lair:6   | Reached XP level 14. HP: 74/74 MP: 21/24
 18736 | Lair:6   | Reached ***** piety under Fedhas
 18764 | Lair:6   | Reached skill level 10 in Hexes
 18876 | Lair:6   | Noticed Rupert
 18898 | Lair:6   | Paralysed by Rupert for 4 turns
 18903 | Lair:6   | HP: 1/74 [cane toad (11)]
 19220 | Orc:1    | Entered Level 1 of the Orcish Mines
 19565 | Orc:2    | Entered Level 2 of the Orcish Mines
 19565 | Orc:2    | Found a staircase to the Elven Halls.
 19573 | Orc:2    | Noticed an orc warlord
 19668 | Orc:1    | Killed an orc warlord
 19831 | Orc:1    | Reached skill level 13 in Stealth
 20832 | Orc:2    | Found Fuilu's Armour Boutique.
 20840 | Orc:2    | Bought a +1 cloak of willpower for 264 gold pieces
 21149 | Orc:2    | Noticed Saint Roka
 21154 | Orc:2    | Gained mutation: You are weak. (Str -2) [a neqoxec]
 21158 | Orc:2    | Gained mutation: You have hidden genetic defects. [a
                  | neqoxec]
 21570 | Orc:2    | Found Raigias's General Store.
 21635 | Orc:2    | Bought a potion of curing for 42 gold pieces
 21635 | Orc:2    | Bought a scroll of silence for 105 gold pieces
 21635 | Orc:2    | Bought a scroll of identify for 28 gold pieces
 21726 | Orc:1    | Noticed Josephine
 21799 | Orc:2    | Killed Saint Roka
 21917 | Orc:2    | Found Dynyhibu's Antique Armour Shop.
 21919 | Orc:2    | Found Rasa's Antique Weapon Boutique.
 22667 | D:12     | Learned a level 2 spell: Blink
 22671 | D:12     | Learned a level 3 spell: Summon Guardian Golem
 22765 | D:12     | Gained mutation: You are dopey. (Int -2) [hidden defects]
 23108 | D:13     | Paralysed by a floating eye for 2 turns
 23261 | D:13     | Noticed Urug
 23279 | D:13     | Killed Urug
 24023 | D:14     | Gained mutation: You are very weak. (Str -4) [hidden
                  | defects]
 24023 | D:14     | Lost mutation: You have hidden genetic defects. [hidden
                  | defects expressed]
 24083 | D:14     | Reached XP level 15. HP: 65/80 MP: 22/25
 24172 | D:14     | Found a gate to the Vaults.
 24390 | D:14     | Reached skill level 10 in Fighting
 24945 | D:15     | Entered Level 15 of the Dungeon
 25438 | Lair:5   | Reached ****** piety under Fedhas
 25700 | Lair:6   | Reached skill level 14 in Stealth
 26420 | Lair:6   | Killed Rupert
 26649 | Lair:6   | Found a runed translucent door.
 27638 | Lair:6   | Reached skill level 10 in Short Blades
 27700 | Lair:6   | Paralysed by a hornet for 2 turns
 29347 | Orc:2    | Reached XP level 16. HP: 69/87 MP: 26/26
 29535 | Orc:1    | Killed Josephine
 29968 | Shoals:1 | Entered Level 1 of the Shoals
 29985 | Lair:3   | HP: 2/86 [harpy (5)]
 29988 | Lair:3   | Mangled by a harpy

Illustrated notes

Levels and vault maps discovered:
D:1:      nicolae_arrival_memento_mori, layout_loops_ring,
          shapermc_ecumenical_altar_venn
D:2:      layout_basic, kennysheep_potato, uniq_sigmund
D:3:      layout_rooms, uniq_robin
D:4:      layout_cave_pools
D:5:      layout_basic, uniq_pikel
D:6:      layout_basic, uniq_eustachio, uniq_maggie
D:7:      layout_basic, minmay_temple_entry_junction, serial_shops,
          nicolae_diamond_shop
D:8:      layout_rooms, lair_entry_dummy
D:9:      layout_stronghold, uniq_maurice
D:10:     layout_cave_pods, grunt_dithmenos_shadows, hiddenorc2_lemuel,
          serial_bayou_pond_d, uniq_snorg
D:11:     layout_loops_ring, serial_rivers, chequers_serial_rivers_micro_c,
          chequers_serial_rivers_micro_d, chequers_serial_rivers_micro_d,
          chequers_serial_rivers_micro_b, chequers_serial_rivers_micro_c,
          chequers_serial_rivers_room_a, minmay_misc_feat_tower
D:12:     layout_rooms
D:13:     layout_cave_pools, minmay_tree_intersection, serial_bayou_pond_c,
          disabler_island, uniq_urug
D:14:     layout_irregular_city, erik_vaults_2, nrook_pool_corridor,
          amcnicky_mini_pool_medium
D:15:     grunt_enter_depths_magical_seal, layout_stronghold, wad_mini_maze
Temple:   nicolae_temple_the_god_donut
Lair:1:   layout_small_grid
Lair:2:   layout_misc_corridors, gauntlet_entry_generic, uniq_harold,
          uniq_fannar
Lair:3:   layout_loops_ring, shoals_dummy_entry, bobbens_dragon_lair_wall,
          serial_bayou_shore_b, serial_bayou_shore_b
Lair:4:   layout_roguey, dummy_snake_entry, beast_lair_carwin_8,
          lemuel_fruit_tree
Lair:5:   layout_gridlike, dpeg_slime_entry_enclosed_altar
Lair:6:   wormcave, layout_cellular_growth, guppyfry_lair_end_dragon,
          st_stairs_10, kennysheep_abandoned_house, uniq_rupert
Shoals:1: layout_shoals, abandoned_shop, nicolae_shoals_sun_and_surf
Orc:1:    cheibrodos_orc_bank, layout_caves, uniq_josephine
Orc:2:    grunt_orc_community_town_hall, layout_diamond_mine,
          grunt_orc_community_big_house_1, grunt_orc_community_big_house_1,
          grunt_orc_community_house_2, grunt_orc_community_house_3,
          grunt_orc_community_house_1, grunt_orc_community_house_2,
          uniq_saint_roka

Skill      XL: |  1  2  3  4  5  6  7  8  9 10 11 12 13 14 15 |
---------------+----------------------------------------------+-----
Short Blades   | 1 2 3 4 5 6 7 8 9 10 | 10.0
Fighting       | 1 2 3 4 5 6 7 8 9 11 | 11.2
Stealth        | 4 5 6 8 9 10 11 12 13 14 | 14.5
Ice Magic      | 1 2 3 4 5 6 7 |  7.0
Spellcasting   | 3 4 5 6 |  6.0
Hexes          | 4 5 6 7 8 9 10 11 | 11.3
Invocations    | 1 3 4 6 7 8 9 |  9.5
Summonings     | 2 4 6 7 8 9 |  9.5
Translocations | 2 4 6 7 8 |  8.6
Dodging        | |  1.5

Action                   |  1- 3 |  4- 6 |  7- 9 | 10-12 | 13-15 | 16-18 || total
-------------------------+-------+-------+-------+-------+-------+-------++-------
Melee: Dagger            |    60 |   155 |   210 |   645 |  1682 |    63 ||  2815
       Bite              |    15 |    37 |    61 |   215 |   771 |    30 ||  1129
       Punch             |       |     1 |     5 |     9 |    43 |       ||    58
Throw: Throwing net      |       |     1 |       |       |       |       ||     1
 Cast: Ensorcelled Hiber |     5 |    46 |    44 |   115 |   163 |     5 ||   378
       Confusing Touch   |       |       |     7 |    57 |   109 |       ||   173
       Tukima's Dance    |       |       |     5 |    40 |    85 |     2 ||   132
       Summon Mana Viper |       |       |       |       |    34 |     2 ||    36
       Summon Forest     |       |       |       |       |     9 |       ||     9
       Blink             |       |       |       |       |     4 |       ||     4
Invok: Wall of Briars    |       |       |       |     2 |       |       ||     2
       Grow Ballistomyce |       |       |       |     1 |     4 |       ||     5
       Overgrow          |       |       |       |     1 |     3 |       ||     4
  Use: Scroll            |       |     1 |     3 |    15 |    11 |     1 ||    31
       Potion            |       |       |       |     6 |     4 |       ||    10
 Stab: Sleeping          |     7 |    32 |    32 |    64 |   109 |     1 ||   245
       Distracted        |     1 |       |       |     1 |    13 |       ||    15
       Confused          |       |       |     5 |    43 |    82 |       ||   130
       Invisible         |       |       |       |     8 |       |       ||     8
Armor: Robe              |     9 |    37 |       |       |    89 |       ||   135
       Leather armour    |       |     2 |    72 |   208 |   284 |    12 ||   578
       Steam dragon scal |       |       |       |     1 |    66 |       ||    67
       Ring mail         |       |       |       |       |       |    19 ||    19
Dodge: Dodged            |    17 |    83 |    85 |   359 |   857 |    46 ||  1447
Block: Other             |     3 |    39 |    38 |   142 |   320 |    22 ||   564
       Reflection        |       |     1 |       |     4 |     5 |     2 ||    12
